 Dungeon Crawl Stone Soup version 0.28.0 (webtiles) character file.

Game seed: 2113143254298441981

44 snilloc10 the Firebug (level 3, 0/19 HPs)
             Began as a Deep Elf Fire Elementalist on Feb 18, 2022.
             Frozen to death by an endoplasm (2 damage)
             ... on level 3 of the Dungeon.
             The game lasted 00:11:09 (1376 turns).

snilloc10 the Firebug (Deep Elf Fire Elementalist)  Turns: 1376, Time: 00:11:09

Health: 0/19       AC:  2    Str:  5    XL:     3   Next: 41%
Magic:  0/9        EV: 13    Int: 19    God:
Gold:   28         SH:  0    Dex: 17    Spells: 2/8 levels left

rFire   . . .      SeeInvis .   f - +2 dagger (protect)
rCold   . . .      Faith    .   (no shield)
rNeg    . . .      Spirit   +   a - +0 robe
rPois   .          Reflect  .   (no helmet)
rElec   .          Harm     .   (no cloak)
rCorr   .          Rampage  .   (no gloves)
Will    .....                   (no boots)
Stlth   +++.......              g - amulet of guardian spirit
HPRegen 0.06/turn               (no ring)
MPRegen 0.11/turn               (no ring)

@: no status effects
A: no striking features
a: no special abilities


You were on level 3 of the Dungeon.
You visited 1 branch of the dungeon, and saw 4 of its levels.

You collected 28 gold pieces.

Inventory:

Hand Weapons
 c - a +1 dagger of speed
 f - a +2 dagger of protection (weapon)
Missiles
 b - 6 boomerangs
Armour
 a - a +0 robe (worn)
Magical Staves
 k - a staff of fire
Jewellery
 g - an amulet of guardian spirit (around neck)
Wands
 i - a wand of mindburst (18)
Scrolls
 e - a scroll of enchant armour {unknown}
 j - a scroll of immolation {unknown}
Potions
 h - a potion of resistance


   Skills:
 * Level 3.2 Dodging
 * Level 3.3 Stealth
 + Level 3.3 Spellcasting
 + Level 1.7 Conjurations
 + Level 3.5 Fire Magic


You had 2 spell levels left.
You knew the following spells:

 Your Spells              Type           Power      Damage    Failure   Level
a - Foxfire               Conj/Fire      52%        2x1d6     4%          1
b - Scorch                Fire           32%        2d7       5%          2
c - Conjure Flame         Conj/Fire      13%        6-21      16%         3

Your spell library contained the following spells:

 Spells                   Type           Power      Damage    Failure   Level
 Inner Flame              Hex/Fire       9%         N/A       22%         3
 Flame Wave               Conj/Fire      13%        2d6       45%         4


Dungeon Overview and Level Annotations

Branches:
Dungeon (4/15)
 Temple: D:4-7

Altars:

Shops:
D:1 (


Message History

Aim: an orc, wielding a +0 flail and wearing a +0 scale mail (chance to affect: 79%)
The orc barely resists.
You feel sick.
You feel sick.
You feel sick.
There is a stone staircase leading down here.
You feel sick.
You climb downwards.
There is a stone staircase leading up here.
Aiming: Mindburst
Press: ? - help, Q - select action, (/) - cycle Shift-Dir - straight line, f - hound skeleton
Aim: a hound skeleton (not susceptible)
The hound skeleton is unaffected.
You feel sick.
You feel sick. The hound skeleton barely misses you.
You hit the hound skeleton.
Your weapon exudes an aura of protection.
The hound skeleton is lightly damaged.
You feel sick.
You are no longer poisoned.
The hound skeleton bites you but does no damage.
The hound skeleton closely misses you.
You hit the hound skeleton.
The hound skeleton is moderately damaged.
The hound skeleton closely misses you.
A goblin comes into view. It is wielding a +3 dagger.
There is a stone staircase leading up here.
The hound skeleton barely misses you.
You climb upwards.
The endoplasm freezes you.
You are frozen.
* * * LOW HITPOINT WARNING * * *
The orc closely misses you.
There is a stone staircase leading down here.
Casting: Scorch (safe; 5% risk of failure)
Confirm with . or Enter, or press ? or * to list all spells.
You conjure some foxfire!
The endoplasm freezes you.
You are frozen.
You die...

#.# #.###+##
#.#....#
####.#....#
#....#....#
#....#....# ###
#.)..###'####.....
#..vo.....<.......
#..J@###.#.##.####
#..v.# #.#.#
#......)# #.#.#
#...)...S #.#..
#........S.....
#......##.#.#...
#......# ....#.#
#......# #..
######. ...


You could see an adder, an orc and an endoplasm (ally target).

Vanquished Creatures
  An adder (D:3)
  2 worms
  2 endoplasms
  A giant cockroach (D:3)
  2 hobgoblins
  6 jackals
  2 kobolds
  A quokka (D:1)
  3 ball pythons
  2 frilled lizards
  4 goblins
  A rat (D:2)
27 creatures vanquished.

Vanquished Creatures (others)
  66 foxfires
66 creatures vanquished.

Grand Total: 93 creatures vanquished

Notes
Turn   | Place    | Note
-------+----------+-------------------------------------------
     0 | D:1      | snilloc10 the Deep Elf Fire Elementalist began the quest
                  | for the Orb.
     0 | D:1      | Reached XP level 1. HP: 10/10 MP: 6/6
   130 | D:1      | Reached XP level 2. HP: 15/15 MP: 5/8
   315 | D:1      | Found Tisa's Antique Weapon Boutique.
   537 | D:2      | Found a faded altar of an unknown god.
   808 | D:2      | Reached XP level 3. HP: 19/19 MP: 7/9
  1290 | D:2      | Learned a level 2 spell: Scorch
  1294 | D:2      | Learned a level 3 spell: Conjure Flame
  1376 | D:3      | Frozen to death by an endoplasm

Illustrated notes

Levels and vault maps discovered:
D:1:      evilmike_arrival_rings, layout_rooms, serial_shops, shop
D:2:      layout_rooms, nicolae_ecumenical_oubliette
D:3:      cheibrodos_old_hovel, layout_basic, kennysheep_potato
D:4:      layout_loops_ring, nicolae_dithmenos_the_darkroom, lemuel_round_altar,
          uniq_sigmund

Skill      XL: |  1  2 |
---------------+-------+-----
Stealth        | 3 |  3.3
Dodging        | 3 |  3.2
Spellcasting   | |  3.3
Conjurations   | |  1.7
Fire Magic     | |  3.5

Action                   || total
-------------------------++-------
Melee: Dagger            ||    13
 Cast: Foxfire           ||    36
       Scorch            ||     2
Evoke: Wand              ||     5
  Use: Potion            ||     2
Armor: Robe              ||     4
Dodge: Dodged            ||    17
